 Dungeon Crawl Stone Soup version 0.29-a0-2-g12fcac58f8 (webtiles) character file.

Game seed: 8826137716669623535

81 funkygono the Firebug (level 4, -1/24 HPs)
             Began as a Gargoyle Fire Elementalist on Jan 26, 2022.
             Slain by a gnoll (8 damage)
             ... on level 2 of the Dungeon.
             The game lasted 00:02:48 (1584 turns).

funkygono the Firebug (Gargoyle Fire Elementalist)  Turns: 1584, Time: 00:02:49

Health: -1/24      AC:  6    Str: 11    XL:     4   Next: 42%
Magic:  0/7        EV: 12    Int: 18    God:
Gold:   76         SH:  0    Dex: 10    Spells: 2/8 levels left

rFire   . . .      SeeInvis .   g - +0 club
rCold   . . .      Faith    .   (no shield)
rNeg    + . .      Spirit   .   a - +0 robe
rPois   ∞          Reflect  .   (no helmet)
rElec   +          Harm     .   k - +0 cloak
rCorr   +          Rampage  .   (no gloves)
Will    .....                   (no boots)
Stlth   ++........              (no amulet)
HPRegen 0.08/turn               h - ring of resist corrosion
MPRegen 0.10/turn               (no ring)

@: no status effects
A: sickness immunity, AC +3, negative energy resistance 1, electricity
resistance, torment resistance 1, petrification resistance
a: no special abilities


You were on level 2 of the Dungeon.
You visited 1 branch of the dungeon, and saw 2 of its levels.

You collected 76 gold pieces.

Inventory:

Hand Weapons
 d - a +0 dagger
 g - a +0 club (weapon)
Missiles
 f - 15 stones
Armour
 a - a +0 robe (worn)
 k - a +0 cloak (worn)
Jewellery
 h - a ring of resist corrosion (left hand)
Scrolls
 b - 2 scrolls of teleportation {unknown}
 e - a scroll of blinking {unknown}
 i - a scroll of amnesia {unknown}
Potions
 c - a potion of attraction {unknown}
 j - a potion of heal wounds {unknown}
 l - a potion of lignification {unknown}


   Skills:
 + Level 1.9 Dodging
 - Level 2.1 Stealth
 * Level 2.6 Spellcasting
 * Level 1.8 Conjurations
 * Level 4.2 Fire Magic


You had 2 spell levels left.
You knew the following spells:

 Your Spells              Type           Power      Damage    Failure   Level
a - Foxfire               Conj/Fire      52%        2x1d6     4%          1
b - Scorch                Fire           34%        2d6       4%          2
c - Conjure Flame         Conj/Fire      13%        6-21      14%         3

Your spell library contained the following spells:

 Spells                   Type           Power      Damage    Failure   Level
 Slow                     Hex            8%         N/A       17%         1
 Inner Flame              Hex/Fire       10%        N/A       22%         3
 Flame Wave               Conj/Fire      13%        2d6       43%         4
 Confusing Touch          Hex            2%         N/A       45%         3
 Vampiric Draining        Necr           2%         2d6       45%         3


Dungeon Overview and Level Annotations

Branches:
Dungeon (2/15)

Altars:


Innate Abilities, Weirdness & Mutations

You are immune to sickness and miasma.
Your stone body is resilient. (AC +3)
You are immune to poison.
You resist negative energy. (rN+)
You are resistant to electric shocks. (rElec)
You are resistant to unholy torment.
You are immune to petrification.


Message History

The slug dart misses you.
You barely miss the dart slug.
The dart slug is heavily wounded.
The bat closely misses you. The dart slug launches a dart at you.
The slug dart hits you. The gnoll closely misses you.
Casting: Foxfire (safe; 4% risk of failure)
Confirm with . or Enter, or press ? or * to list all spells.
You conjure some foxfire!
The foxfire hits the bat.
The bat is severely wounded.
The bat misses you. The gnoll hits you with a +0 flail.
The dart slug barely misses you.
You hit the dart slug.
The dart slug is severely wounded.
The foxfire hits the bat.
You kill the bat!
The gnoll misses you.
Unknown command.
You hit the dart slug.
You kill the dart slug!
The gnoll completely misses you.
You closely miss the gnoll. The gnoll hits you with a +0 flail.
The gnoll closely misses you.
You barely miss the gnoll. The gnoll misses you.
You hit the gnoll.
The gnoll is moderately wounded.
The gnoll hits you with a +0 flail.
Casting: Foxfire (safe; 4% risk of failure)
Confirm with . or Enter, or press ? or * to list all spells.
You conjure some foxfire!
The gnoll barely misses you.
You hit the gnoll.
The gnoll is heavily wounded.
The foxfire hits the gnoll.
The gnoll is heavily wounded.
The foxfire hits the gnoll.
The gnoll is almost dead.
The gnoll hits you with a +0 flail.
* * * LOW HITPOINT WARNING * * *
The gnoll hits you with a +0 flail!
You die...

.....#
##.##....P..#P..P...##.##
######
#..##..PP.P.#P...PP.#####
#####.##.###P..P#...P###.####
#...........#########.##.....
#.....................##.....
#.....................##.....
#.................... #.....
#.................... #.....
#..........)@g....... #.....
####.....#+#..<#+### #.....
#..###.. ###)...... ......
#.# ##. ......^ ..###.. .. .
....... ....... .......
....... .......


You could see a gnoll.

Vanquished Creatures
  2 gnolls (D:2)
  An adder (D:2)
  4 dart slugs
  5 endoplasms
  3 giant cockroaches
  4 goblins
  4 hobgoblins
  2 quokkas
  5 ball pythons
  5 bats
  2 frilled lizards
  2 kobolds (D:2)
  6 rats
45 creatures vanquished.

Vanquished Creatures (collateral kills)
  A foxfire (D:2)
1 creature vanquished.

Vanquished Creatures (others)
  95 foxfires
95 creatures vanquished.

Grand Total: 141 creatures vanquished

Notes
Turn   | Place    | Note
-------+----------+-------------------------------------------
     0 | D:1      | funkygono the Gargoyle Fire Elementalist began the quest
                  | for the Orb.
     0 | D:1      | Reached XP level 1. HP: 10/10 MP: 3/3
   203 | D:1      | Reached XP level 2. HP: 15/15 MP: 3/5
   206 | D:1      | Learned a level 2 spell: Scorch
   829 | D:1      | Reached XP level 3. HP: 19/19 MP: 1/6
   833 | D:1      | Learned a level 3 spell: Conjure Flame
  1335 | D:2      | Reached skill level 4 in Fire Magic
  1436 | D:2      | Reached XP level 4. HP: 24/24 MP: 3/7
  1510 | D:2      | Found a faded altar of an unknown god.
  1584 | D:2      | Slain by a gnoll

Illustrated notes

Levels and vault maps discovered:
D:1:      lightli_arrival_lavapool, layout_loops_cross
D:2:      cheibrodos_greedy_goblins, layout_basic, shapermc_ecumenical_altar_gd,
          minmay_between

Skill      XL: |  1  2  3 |
---------------+----------+-----
Fire Magic     | 4 |  4.2
Dodging        | |  1.9
Stealth        | |  2.1
Spellcasting   | |  2.6
Conjurations   | |  1.8

Action                   |  1- 3 |  4- 6 || total
-------------------------+-------+-------++-------
Melee: Club              |     4 |    10 ||    14
 Cast: Foxfire           |    44 |    12 ||    56
       Scorch            |     8 |       ||     8
Armor: Robe              |     3 |     3 ||     6
Dodge: Dodged            |     3 |    13 ||    16

Table legend: (Time is in decaauts)
 A = Elapsed time spent in this place.
 B = Non-inter-level travel time spent in this place.
 C = Inter-level travel time spent in this place.
 D = Time resting spent in this place.
 E = Time spent auto-exploring this place.
 F = Levels seen in this place.
 G = Mean time per level.
                   A        B        C        D        E       F      G
               +--------+--------+--------+--------+--------+-----+--------+
         Total |   1587 |   1540 |     47 |    134 |   1118 |   2 |  793.5 |
       Dungeon |   1587 |   1540 |     47 |    134 |   1118 |   2 |  793.5 |
               +--------+--------+--------+--------+--------+-----+--------+

Top non-repeatable levels by time:
     D:1: 1051 daAuts
     D:2: 536 daAuts
